 Dungeon Crawl Stone Soup version 0.18.0-2-g198d6d4 (webtiles) character file.

966 dvd the Stinger (level 8, -1/51 HPs)
             Began as an Octopode Venom Mage on May 5, 2016.
             Slain by a jelly (3 damage)
             ... on level 6 of the Dungeon.
             The game lasted 00:22:10 (6719 turns).

dvd the Stinger (Octopode Venom Mage)               Turns: 6719, Time: 00:22:11

Health: -1/51      AC: -3    Str:  7    XL:     8   Next: 15%
Magic:  10/14      EV: 14    Int: 18    God:
Gold:   328        SH:  0    Dex: 14    Spells: 4 memorised, 5 levels left

rFire  + . .     SeeInvis .     n - +0 war axe (vamp)
rCold  . . .     Gourm    .     (no shield)
rNeg   . . .     Faith    .     (helmet restricted)
rPois  .         Spirit   .     s - amulet of rage
rElec  .         Dismiss  .     t - ring of protection from fire
rCorr  .         Reflect  .     k - ring of flight
SustAt .         Harm     .     (no ring)
MR     .....                    (no ring)
Stlth  ++++......               (no ring)
                                (no ring)
                                (no ring)
                                (no ring)

@: corroded, not resistant to hostile enchantments, stealthy
A: almost no armour, amphibious, 8 rings, constrict 8, camouflage 1, gelatinous
body 1
a: Evoke Berserk Rage, Evoke Flight


You were on level 6 of the Dungeon.
You were not hungry.

You visited 1 branch of the dungeon, and saw 6 of its levels.

You collected 328 gold pieces.

Inventory:

Hand Weapons
 n - a +0 vampiric war axe (weapon)
Jewellery
 k - a ring of flight (right tentacle)
 s - an amulet of rage (around mantle)
 t - a ring of protection from fire (left tentacle)
Wands
 e - a wand of acid (6/15)
Scrolls
 g - 5 scrolls of identify
 j - a scroll of enchant armour
 l - 4 scrolls of teleportation
 m - 2 scrolls of remove curse
Potions
 c - a potion of flight {unknown}
 d - 4 potions of curing {unknown}
 f - 2 potions of resistance {unknown}
 i - a potion of mutation {unknown}
 o - a potion of degeneration {unknown}
 q - a potion of magic
 r - a potion of haste {unknown}
Books
 a - a Young Poisoner's Handbook

   Spells                             Type                      Level
   a - Sting                          Conjuration/Poison           1
   b - Cure Poison                    Poison                       2
   c - Mephitic Cloud                 Conjuration/Poison/Air       3
   d - Olgreb's Toxic Radiance        Poison                       4
   e - Venom Bolt                     Conjuration/Poison           5
Comestibles
 b - 2 bread rations
 h - a meat ration
 p - 6 chunks of flesh
 w - 5 fruits


   Skills:
 + Level 2.4 Fighting
 + Level 0.2 Axes
 + Level 3.9 Dodging
 + Level 5.2 Stealth
 + Level 2.4 Unarmed Combat
 + Level 4.0 Spellcasting
 + Level 2.6 Conjurations
 + Level 6.9 Poison Magic
 + Level 1.8 Evocations


You had 5 spell levels left.
You knew the following spells:

 Your Spells              Type           Power        Failure   Level  Hunger
a - Sting                 Conj/Pois      ###.         1%          1    None
b - Cure Poison           Pois           ####......   1%          2    ##.....
c - Mephitic Cloud        Conj/Pois/Air  ###.....     14%         3    ###....
d - Olgreb's Toxic Radia  Pois           ####....     12%         4    ####...


Dungeon Overview and Level Annotations

Branches:
Dungeon (6/15)
 Temple: D:4-7

Altars:
Kikubaaqudgha
Qazlal
Yredelemnul


Innate Abilities, Weirdness & Mutations

You cannot wear most types of armour.
You are amphibious.
You can wear up to eight rings at the same time.
You can use your tentacles to constrict eight enemies at once.
Your skin changes colour to match your surroundings (Stealth).
Your rubbery body absorbs attacks (AC +1).


Message History

The jelly hits you.
You are splashed with acid!
The acid corrodes you!
The acid burns!
You barely miss the jelly.
The jelly is lightly wounded.
The jelly hits you.
You are splashed with acid!
The acid burns!
The jelly hits you.
You are splashed with acid!
The acid burns!
* * * LOW HITPOINT WARNING * * *
You barely miss the jelly.
The jelly is lightly wounded.
The jelly closely misses you.
You hit the jelly.
You feel better.
Your tentacles burn!
* * * LOW HITPOINT WARNING * * *
You squeeze the jelly.
The jelly is severely wounded.
The jelly hits you.
* * * LOW HITPOINT WARNING * * *
You are splashed with acid!
The acid burns!
* * * LOW HITPOINT WARNING * * *
The jelly hits you.
You die...

.. ... ..#..# #
.#..## #. .... .
.#.##..#######
#.##.........
#.##......#
#.##......# #####
#.##..ยง)@.# ###...#
#.##....J.#
......###..[..###.#
###.....>............
#...#######.###.###
##### ### .# .# #####
.# ..... .#


You could see a jelly.

Vanquished Creatures
  A water moccasin (D:5)
  The ghost of Yehuk the Changer, an amateur NaTm (D:3)
  2 ogres
  A crocodile (D:5)
  Blork the orc (D:6)
  A scorpion (D:5)
  A howler monkey (D:6)
  A crimson imp (D:6)
  4 hounds
  An iguana (D:5)
  A hound skeleton (D:5)
  Robin (D:2)
  6 adders
  2 oozes (D:5)
  An adder zombie (D:3)
  2 worms
  2 dart slugs
  2 giant geckos
  An orc (D:3)
  10 giant cockroaches
  19 goblins
  11 hobgoblins
  4 jackals (D:2)
  4 quokkas
  A ball python skeleton (D:5)
  A ball python zombie (D:3)
  10 bats
  2 giant gecko skeletons
  4 giant newts
  10 kobolds
  11 rats
119 creatures vanquished.

Notes
Turn   | Place    | Note
--------------------------------------------------------------
     0 | D:1      | dvd the Octopode Venom Mage began the quest for the Orb.
     0 | D:1      | Reached XP level 1. HP: 11/11 MP: 3/3
    13 | D:1      | Reached skill level 5 in Poison Magic
   152 | D:1      | Reached XP level 2. HP: 17/17 MP: 0/5
   698 | D:1      | Learned a level 2 spell: Cure Poison
   885 | D:1      | Reached XP level 3. HP: 21/21 MP: 1/6
   946 | D:1      | Learned a level 3 spell: Mephitic Cloud
  1486 | D:2      | Found an ancient bone altar of Kikubaaqudgha.
  1585 | D:2      | Reached skill level 1 in Conjurations
  1878 | D:2      | Reached XP level 4. HP: 27/27 MP: 3/7
  2024 | D:2      | Noticed Robin
  2980 | D:2      | Killed Robin
  3460 | D:3      | Noticed Yehuk's ghost (amateur NaTm)
  3571 | D:3      | Reached XP level 5. HP: 22/32 MP: 4/9
  3660 | D:3      | Reached skill level 6 in Poison Magic
  3837 | D:4      | Noticed an ogre
  3863 | D:4      | Killed an ogre
  4181 | D:4      | Noticed a phantom
  4181 | D:4      | Reached XP level 6. HP: 30/37 MP: 10/10
  4230 | D:4      | Learned a level 4 spell: Olgreb's Toxic Radiance
  5319 | D:3      | Killed Yehuk's ghost
  5319 | D:3      | Reached skill level 1 in Fighting
  5319 | D:3      | Reached skill level 1 in Unarmed Combat
  5494 | D:5      | Entered Level 5 of the Dungeon
  5558 | D:5      | Reached XP level 7. HP: 37/43 MP: 12/12
  5714 | D:5      | Found a stormy altar of Qazlal.
  6330 | D:5      | Found a basalt altar of Yredelemnul.
  6440 | D:5      | Reached skill level 1 in Evocations
  6590 | D:6      | Noticed Blork the orc
  6600 | D:6      | Killed Blork the orc
  6600 | D:6      | Reached skill level 5 in Stealth
  6600 | D:6      | Reached XP level 8. HP: 26/51 MP: 11/14
  6719 | D:6      | HP: 2/51 [acid (9)]
  6719 | D:6      | Slain by a jelly

Skill      XL: |  1  2  3  4  5  6  7 |
---------------+----------------------+-----
Poison Magic   | 5 6 |  6.9
Stealth        | 3 4 5 |  5.2
Conjurations   | 1 2 |  2.6
Spellcasting   | 3 4 |  4.0
Fighting       | 1 2 |  2.4
Unarmed Combat | 1 2 |  2.4
Dodging        | 3 |  3.9
Evocations     | 1 |  1.8
Axes           | |  0.2

Action                   |  1- 3 |  4- 6 |  7- 9 || total
-------------------------+-------+-------+-------++-------
Melee: Unarmed           |    40 |   112 |    47 ||   199
       Constrict         |    11 |    24 |    13 ||    48
       Tentacles         |     5 |    25 |    14 ||    44
       Punch             |       |       |     1 ||     1
       War axe           |       |       |     8 ||     8
 Cast: Sting             |    69 |    89 |    22 ||   180
       Cure Poison       |       |     4 |     3 ||     7
       Mephitic Cloud    |       |     2 |     1 ||     3
       Olgreb's Toxic Ra |       |       |     1 ||     1
 Abil: Evoke Berserk Rag |       |     2 |     3 ||     5
  Use: Scroll            |       |    11 |     1 ||    12
 Stab: Sleeping          |     1 |     4 |     2 ||     7
       Distracted        |       |       |     1 ||     1
  Eat: Chunk             |     4 |    10 |     4 ||    18
       Pizza             |       |     1 |     1 ||     2
       Beef jerky        |       |     1 |       ||     1
       Meat ration       |       |       |     1 ||     1
       Fruit             |       |       |     1 ||     1
Armor: Skin              |     8 |    18 |     3 ||    29
Dodge: Dodged            |    35 |    88 |    34 ||   157
